 Dungeon Crawl Stone Soup version 0.17-a0-1617-gfba1302 (webtiles) character file.

16414 karlkraus the Basher (level 12, 0/108 HPs)
             Began as a Minotaur Fighter on Aug 1, 2015.
             Was an Elder of Ru.
             Slain by a black mamba (1 damage)
             ... on level 3 of the Lair of Beasts.
             The game lasted 00:31:26 (9497 turns).

karlkraus the Basher (Minotaur Fighter)             Turns: 9497, Time: 00:31:27

Health: 0/108      AC: 22    Str: 26    XL:     12   Next: 9%
Magic:  11/11      EV:  6    Int:  5    God:    Ru [****..]
Gold:   920        SH:  0    Dex:  9    Spells: 0 memorised, 11 levels left

rFire  . . .     SeeInvis .     o - +10 dark maul {crush}
rCold  . . .     Clarity  .     r - +1 plate armour
rNeg   + . .     SustAt   .     (no shield)
rPois  +         Gourm    .     (helmet restricted)
rElec  .         Spirit   .     F - +1 cloak
rCorr  .         Warding  .     (no gloves)
rMut   .         Stasis   .     (no boots)
MR     +....                    (no amulet)
Stlth  ..........               J - ring of protection from magic
                                m - ring of positive energy

@: constricted, invisible, somewhat resistant to hostile enchantments, extremely
unstealthy
A: retaliatory headbutt, horns 2, rough black scales 1, poison resistance,
inability to use devices, no earth magic, no translocations magic, no
transmutations magic
a: Draw Out Power, Power Leap, Renounce Religion


You were on level 3 of the Lair of Beasts.
You worshipped Ru.
Ru was greatly pleased with you.
You were near starving.

You visited 3 branches of the dungeon, and saw 13 of its levels.
You also visited: Sewer and Ossuary.

You collected 920 gold pieces.

Inventory:

Hand weapons
 o - the +10 dark maul (weapon) {crush}
   (You found it on level 1 of the Lair of Beasts)

   It inflicts extra damage upon your enemies.
Armour
 r - a +1 plate armour (worn)
 F - a +1 cloak (worn)
Jewellery
 m - a ring of positive energy (left hand)
 J - a ring of protection from magic (right hand)
Scrolls
 a - a scroll of holy word {unknown}
 b - 3 scrolls of teleportation
 h - a scroll of random uselessness
 i - 4 scrolls of fear
 k - 5 scrolls of remove curse
 n - 5 scrolls of identify
 p - a scroll of immolation
 x - 3 scrolls of fog
 B - a scroll of amnesia
Potions
 d - 4 potions of cancellation
 f - 7 potions of flight
 j - a potion of poison {unknown}
 l - a potion of magic {unknown}
 t - 4 potions of curing
 w - 4 potions of agility
 z - 2 potions of ambrosia
 A - a potion of resistance
 G - a potion of haste
 H - 2 potions of lignification
 N - a potion of mutation
Books
 c - a book of the Warp

   Spells                             Type                      Level
   a - Recall                         Summoning/Translocation      3
   b - Gell's Gravitas                Hexes/Translocation          3
   c - Force Lance                    Conjuration/Translocation    4
   d - Phase Shift                    Translocation                5
   e - Warp Weapon                    Charms/Translocation         5
   f - Summon Forest                  Summoning/Translocation      5
 q - a book of Death

   Spells                             Type                      Level
   a - Corpse Rot                     Necromancy                   2
   b - Sublimation of Blood           Necromancy                   2
   c - Agony                          Necromancy                   5
   d - Dispel Undead                  Necromancy                   5
   e - Excruciating Wounds            Charms/Necromancy            5
   f - Bolt of Draining               Conjuration/Necromancy       5
 s - a book of Fire

   Spells                             Type                      Level
   a - Ignite Poison                  Fire/Transmutation/Poison    3
   b - Fireball                       Conjuration/Fire             5
   c - Bolt of Fire                   Conjuration/Fire             6
   d - Delayed Fireball               Conjuration/Fire             7
   e - Ring of Flames                 Charms/Fire                  7
 y - a book of Necromancy

   Spells                             Type                      Level
   a - Pain                           Necromancy                   1
   b - Animate Skeleton               Necromancy                   1
   c - Vampiric Draining              Necromancy                   3
   d - Regeneration                   Charms/Necromancy            3
   e - Animate Dead                   Necromancy                   4
   f - Control Undead                 Necromancy                   4
 R - a book of Frost

   Spells                             Type                      Level
   a - Freeze                         Ice                          1
   b - Throw Frost                    Conjuration/Ice              2
   c - Ozocubu's Armour               Charms/Ice                   3
   d - Throw Icicle                   Conjuration/Ice              4
   e - Summon Ice Beast               Ice/Summoning                4
   f - Condensation Shield            Ice                          4
Comestibles
 e - 9 bread rations
 g - 9 beef jerkies
 M - 8 slices of pizza


   Skills:
 + Level 10.7 Fighting
 + Level 13.2 Maces & Flails
 + Level 11.2 Armour
 + Level 4.6 Dodging
 + Level 1.3 Stealth
   Level 12.0 Shields


You had 11 spell levels left.
You didn't know any spells.

Dungeon Overview and Level Annotations

Branches:
Dungeon (9/15)             Temple (1/1) D:4            Lair (3/8) D:9
  Snake (0/4) Lair:3          Orc (0/4) D:9
  Swamp: Lair:3-6    Shoals: Lair:3-6

Altars:
Ashenzari
Cheibriados
Dithmenos
Elyvilon
Fedhas
Gozag
Kikubaaqudgha
Makhleb
Nemelex Xobeh
Okawaru
Qazlal
Ru
Sif Muna
Trog
Vehumet
Xom
Yredelemnul
Zin
The Shining One

Shops:
D:4 =   D:9 %


Innate Abilities, Weirdness & Mutations

You reflexively headbutt those who attack you in melee.
You have a pair of horns on your head.
You cannot study or use magical devices.
You cannot study or cast Earth magic.
You cannot study or cast Translocations magic.
You cannot study or cast Transmutations magic.
You are partially covered in rough black scales (AC +4, Dex -1).
Your system is resistant to poisons.


Message History

The black mamba closely misses you. You furiously retaliate!
You headbutt the black mamba, but do no damage.
The ball python bites you but does no damage.
The ball python grabs you. The ball python constricts you.
You redirect the black mamba's attack!
The black mamba bites itself!
The black mamba completely misses you.
The ball python bites you but does no damage.
The ball python constricts you. The black mamba bites you.
* * * LOW HITPOINT WARNING * * *
The black mamba bites you but does no damage.
Unknown command.
Drink which item? (? for menu, Esc to quit)
You fade into invisibility!
The black mamba bites you but does no damage. x2
The ball python barely misses you.
* * * LOW HITPOINT WARNING * * *
The ball python constricts you.
The black mamba is stunned by your will and fails to attack.
The black mamba bites you.
You die...

#...............
#...............
#...####........
#P..# #........
###..##
#.###....
#...P.# ###
###.. ###..P##
#.. #....## ##..
##@S## #... #SS#
##.. S..# #...
...P# ##..
.>.... .## #..
#....... ..P#
#.. ##.....# ...
####.. ##..###
#.##.#...
#........


You could see 2 black mambas, an adder (wandering) and a ball python.

Vanquished Creatures
  2 hydras
  The ghost of Urgaas the Grappler, an experienced MiMo of Makhleb (D:5)
  A hill giant (D:9)
  5 black mambas (Lair:3)
  Psyche (D:8)
  2 komodo dragons
  5 spiny frogs
  A two-headed ogre (D:8)
  The ghost of urechis the Cudgeler, an average OgFi (D:3)
  A deep elf fighter (D:9)
  2 wyverns (D:9)
  8 yaks
  A hungry ghost (D:9)
  A human (D:7)
  The ghost of matakusis the Ducker, an average DsGl (Ossuary)
  Menkaure (D:6)
  3 hippogriffs
  6 wolves
  5 water moccasins
  A sky beast (D:8)
  2 ice beasts
  An orc warrior (D:9)
  3 phantoms
  8 porcupines
  3 black bears
  2 wasps
  8 crocodiles
  4 centaurs
  An eye of draining (D:8)
  7 ogres
  3 elf zombies (Ossuary)
  A scorpion (D:8)
  3 wights (D:8)
  2 electric eels (Lair:1)
  A centaur zombie (Ossuary)
  A human zombie (Ossuary)
  5 hounds
  2 crimson imps
  A gnoll shaman (D:5)
  A jelly (D:6)
  A centaur skeleton (D:8)
  Crazy Yiuf (D:4)
  2 orc priests (D:6)
  Terence (D:3)
  10 orc wizards
  Natasha (thrice) (D:2)
  9 iguanas
  2 hell rats (Lair:2)
  A killer bee zombie (D:7)
  A big kobold zombie (Ossuary)
  3 sheep (D:7)
  4 hound skeletons
  3 mummies
  3 worker ant zombies
  Robin (D:3)
  13 adders
  8 gnolls
  71 river rats
  2 shadow imps (D:5)
  2 adder zombies (Ossuary)
  3 worms
  11 giant geckos
  21 orcs
  7 giant cockroaches
  13 goblins
  11 hobgoblins
  18 jackals
  4 quokkas
  9 ball pythons
  21 bats
  A giant gecko skeleton (D:5)
  9 giant newts
  3 goblin zombies
  8 hobgoblin zombies (Ossuary)
  3 jackal zombies
  21 kobolds
  11 kobold zombies (Ossuary)
  7 orc zombies
  2 quokka skeletons
  42 rats
  A plant (D:9)
475 creatures vanquished.

Vanquished Creatures (others)
  5 fungi
  A plant (Lair:1)
6 creatures vanquished.

Grand Total: 481 creatures vanquished

Notes
Turn   | Place    | Note
--------------------------------------------------------------
     0 | D:1      | karlkraus the Minotaur Fighter began the quest for the Orb.
     0 | D:1      | Reached XP level 1. HP: 19/19 MP: 0/0
   145 | D:1      | Reached skill level 4 in Armour
   198 | D:1      | Reached XP level 2. HP: 27/27 MP: 1/1
   541 | D:2      | Noticed Natasha
   552 | D:2      | Killed Natasha
   552 | D:2      | Reached XP level 3. HP: 4/33 MP: 2/2
   825 | D:2      | Reached XP level 4. HP: 18/40 MP: 3/3
   892 | D:2      | Reached skill level 5 in Armour
  1003 | D:2      | Noticed Natasha
  1016 | D:2      | Reached skill level 1 in Dodging
  1025 | D:2      | Killed Natasha
  1065 | D:2      | Reached XP level 5. HP: 19/46 MP: 4/4
  1146 | D:2      | Noticed Natasha
  1154 | D:2      | Killed Natasha
  1380 | D:3      | Noticed urechis's ghost (average OgFi)
  1427 | D:3      | Killed urechis's ghost
  1427 | D:3      | Reached skill level 5 in Shields
  1427 | D:3      | Reached XP level 6. HP: 40/53 MP: 5/5
  1576 | D:3      | Noticed Robin
  1604 | D:3      | Killed Robin
  1816 | D:3      | Found a glowing drain.
  1820 | Sewer    | Entered a sewer
  2341 | D:3      | Noticed Terence
  2348 | D:3      | Killed Terence
  2348 | D:3      | Reached XP level 7. HP: 60/60 MP: 6/6
  2416 | D:4      | Reached skill level 5 in Maces & Flails
  2440 | D:4      | Reached skill level 6 in Shields
  2449 | D:4      | Reached skill level 5 in Fighting
  2594 | D:4      | Found a sand-covered staircase.
  2625 | Ossuary  | Entered an ossuary
  2701 | Ossuary  | Noticed matakusis's ghost (average DsGl)
  2733 | Ossuary  | Killed matakusis's ghost
  2733 | Ossuary  | Reached XP level 8. HP: 53/70 MP: 7/7
  2739 | Ossuary  | Reached skill level 7 in Shields
  2893 | D:4      | Found a staircase to the Ecumenical Temple.
  2905 | Temple   | Entered the Ecumenical Temple
  3069 | D:4      | Found Hecicvot's Jewellery Emporium.
  3258 | D:4      | Found an opulent altar of Gozag.
  3320 | D:4      | Noticed Crazy Yiuf
  3330 | D:4      | Killed Crazy Yiuf
  3414 | D:5      | Entered Level 5 of the Dungeon
  3449 | D:5      | Noticed Urgaas's ghost (experienced MiMo)
  3471 | D:5      | Killed Urgaas's ghost
  3471 | D:5      | Reached skill level 8 in Shields
  3517 | D:5      | Reached XP level 9. HP: 28/78 MP: 8/8
  4013 | D:5      | Found a white marble altar of Elyvilon.
  4239 | D:6      | Noticed Menkaure
  4247 | D:6      | Killed Menkaure
  4280 | D:6      | Reached skill level 9 in Shields
  5802 | D:8      | Noticed Psyche
  5816 | D:8      | Killed Psyche
  5816 | D:8      | Reached XP level 10. HP: 64/88 MP: 9/9
  5824 | D:8      | Reached skill level 10 in Shields
  6008 | D:8      | Gained mutation: Your system is resistant to poisons. [mutagenic meat]
  6154 | D:8      | Found an ancient bone altar of Kikubaaqudgha.
  6155 | D:8      | Found a burning altar of Makhleb.
  6155 | D:8      | Found a sacrificial altar of Ru.
  6180 | D:8      | Found a glowing golden altar of the Shining One.
  6187 | D:8      | Became a worshipper of Ru the Awakened
  6255 | D:8      | Reached skill level 1 in Stealth
  6364 | D:9      | Noticed a hill giant
  6378 | D:9      | Killed a hill giant
  6378 | D:9      | Reached skill level 10 in Maces & Flails
  6539 | D:9      | Found a staircase to the Lair.
  6560 | D:9      | Reached skill level 11 in Shields
  6616 | D:9      | Gained mutation: You are partially covered in rough black scales (AC +4, Dex -1). [potion of beneficial mutation]
  6807 | D:9      | Found Athrirch's Food Boutique.
  6892 | D:9      | Found a staircase to the Orcish Mines.
  7137 | Lair:1   | Entered Level 1 of the Lair of Beasts
  7144 | Lair:1   | Gained mutation: You cannot study or use magical devices. [Ru sacrifice]
  7144 | Lair:1   | Acquired Ru's first power
  7144 | Lair:1   | Acquired Ru's second power
  7144 | Lair:1   | Acquired Ru's third power
  7568 | Lair:1   | Reached XP level 11. HP: 86/95 MP: 10/10
  7609 | Lair:1   | Noticed a five-headed hydra
  7621 | Lair:1   | Killed a five-headed hydra
  7621 | Lair:1   | Reached skill level 10 in Armour
  7797 | Lair:1   | Reached skill level 12 in Shields
  8604 | Lair:2   | Gained mutation: You cannot study or cast Earth magic. [Ru sacrifice]
  8604 | Lair:2   | Gained mutation: You cannot study or cast Transmutations magic. [Ru sacrifice]
  8604 | Lair:2   | Gained mutation: You cannot study or cast Translocations magic. [Ru sacrifice]
  8604 | Lair:2   | Acquired Ru's fourth power
  9045 | Lair:2   | Noticed an eight-headed hydra
  9047 | Lair:2   | Killed an eight-headed hydra
  9047 | Lair:2   | Reached skill level 10 in Fighting
  9476 | Lair:3   | Reached skill level 13 in Maces & Flails
  9481 | Lair:3   | Found a staircase to the Snake Pit.
  9490 | Lair:3   | Reached XP level 12. HP: 32/107 MP: 11/11
  9496 | Lair:3   | HP: 3/108 [black mamba (6)]
  9497 | Lair:3   | HP: 1/108 [ball python (1)]
  9497 | Lair:3   | Slain by a black mamba

Vault maps used:
D:1:      evilmike_arrival_rings
D:2:      uniq_natasha
D:3:      first_bread, gup_sewer_entry_spiral, uniq_robin, uniq_terence
D:4:      grunt_gozag_breadcrumbs, minmay_temple_entry_statues_pillars,
          serial_shops, shop, nicolae_ossuary_entry_giza, minivault_5,
          uniq_crazy_yiuf_cottage
D:5:      st_stairs_8, elyvilon_altar_4
D:6:      kennysheep_generic_room_7, uniq_menkaure
D:7:      grunt_livestock
D:8:      minitemple, uniq_psyche
D:9:      grunt_lair_entry_elf_guard_hut, orc_0_dummy, serial_shops, shop
Temple:   water_room_temple_a_12
Lair:1:   wad_woods_river_01, serial_bayou_shore_a
Lair:2:   kennysheep_rathole, lightli_volcano_entry_magma_tube,
          bh_autumn_forest_stairs
Lair:3:   minmay_snake_entry_six_corridors, basic_altar, grunt_megastairs_4,
          lemuel_fruit_tree, uniq_harold
Sewer:    sewer_minmay_treatment
Ossuary:  ossuary_tomb_1

Action                   |  1- 3 |  4- 6 |  7- 9 | 10-12 || total
-------------------------+-------+-------+-------+-------++-------
Melee: Flail             |    75 |   295 |   472 |   405 ||  1247
       Maul              |       |       |       |   146 ||   146
Invok: Sacrifice Artific |       |       |       |     1 ||     1
       Sacrifice Arcana  |       |       |       |     1 ||     1
  Use: Potion            |     1 |     1 |     3 |     6 ||    11
       Scroll            |       |     1 |       |    27 ||    28
 Stab: Invisible         |       |       |     1 |     2 ||     3
  Eat: Chunk             |       |     4 |     3 |     8 ||    15
       Meat ration       |       |       |     2 |     1 ||     3
